 Dungeon Crawl Stone Soup version 0.18.1-50-g88ac8fd (console) character file.

1985 Kloppie the Cleaver (level 9, -1/82 HPs)
             Began as a Hill Orc Berserker on Oct 24, 2016.
             Was an Elder of Trog.
             Succumbed to a killer bee's poison
             ... on level 6 of the Dungeon.
             The game lasted 00:08:53 (4729 turns).

Kloppie the Cleaver (Hill Orc Berserker)            Turns: 4729, Time: 00:08:53

Health: -1/82      AC: 10    Str: 23    XL:     9   Next: 21%
Magic:  9/9        EV: 10    Int:  7    God:    Trog [****..]
Gold:   282        SH:  4    Dex: 10    Spells: 0 memorised, 8 levels left

rFire  + . .     SeeInvis .     a - +1 hand axe
rCold  + . .     Gourm    .     x - +3 scale mail {rF+}
rNeg   . . .     Faith    .     s - +0 buckler
rPois  .         Spirit   .     (no helmet)
rElec  .         Dismiss  .     (no cloak)
rCorr  .         Reflect  .     (no gloves)
SustAt .         Harm     .     (no boots)
MR     ++...                    (no amulet)
Stlth  ..........               q - ring of protection from cold
                                (no ring)

@: lethally poisoned (-1 -> -2), exhausted, regenerating, very resistant to
hostile enchantments, extremely unstealthy
A: no striking features
a: Berserk, Trog's Hand, Brothers in Arms, Burn Spellbooks, Renounce Religion


You were on level 6 of the Dungeon.
You worshipped Trog.
Trog was greatly pleased with you.
You were not hungry.

You visited 1 branch of the dungeon, and saw 7 of its levels.

You collected 282 gold pieces.

Inventory:

Hand Weapons
 a - a +1 hand axe (weapon)
Armour
 s - a +0 buckler (worn)
 x - a +3 scale mail of fire resistance (worn)
Jewellery
 q - a ring of protection from cold (right hand)
Wands
 y - a wand of slowing (26/48)
 F - a wand of acid (12/15)
Scrolls
 h - a scroll of fear
 i - 3 scrolls of remove curse
 p - a scroll of enchant armour
 t - 2 scrolls of teleportation
 v - a scroll of noise {unknown}
 A - a scroll of recharging
Potions
 b - 3 potions of flight
 e - 2 potions of heal wounds
 j - a potion of curing
 k - 3 potions of agility {unknown}
 m - a potion of cancellation
 n - a potion of invisibility
 o - 2 potions of haste {unknown}
 r - a potion of lignification {unknown}
 B - 3 potions of might {unknown}
Comestibles
 c - 4 bread rations
 d - a royal jelly
 f - a beef jerky
 g - 9 fruits
 u - 3 meat rations
 w - 2 slices of pizza


   Skills:
 - Level 8.5 Fighting
 + Level 10.8 Axes
 + Level 5.2 Armour
 - Level 1.5 Dodging
 - Level 4.3 Shields


You had 8 spell levels left.
You didn't know any spells.

Dungeon Overview and Level Annotations

Branches:
Dungeon (7/15)             Temple (0/1) D:6

Altars:
Ashenzari
Dithmenos
Fedhas
Qazlal
Sif Muna
Vehumet
The Shining One

Shops:
D:6 %


Message History

The killer bee stings you!
* * * LOW HITPOINT WARNING * * *
The killer bee stings you!
* * * LOW HITPOINT WARNING * * *
You are more poisoned.
The killer bee poisons you!
The killer bee stings you but does no damage. x2
You feel sick. The killer bee barely misses you. x2
You block the killer bee's attack.
The killer bee stings you but does no damage.
You feel sick. You block the killer bee's attack.
The killer bee stings you but does no damage.
You block the killer bee's attack. The killer bee stings you!
* * * LOW HITPOINT WARNING * * *
The killer bee closely misses you. The killer bee stings you.
* * * LOW HITPOINT WARNING * * *
You are more poisoned.
The killer bee poisons you! The killer bee completely misses you.
You feel yourself speed up.
You die...

.##.[# #.##### #.##.##.. .....#
#.....# #.##.#### .##.## #####.#
#.##.# ###'## #.# #.##.####
##...## #.# ##.##..... #.....##
### #.# #...###### .......##
##.###.# #.#..## #
........####..y##.######.....####
.....>..'.....y.@...............'
........####..y##.#######....####
.......## ##.###.### #...#.## #
#.....## ##......# #...###
##...## #.#.#..# #...# ##+##
#..###.# ##.## #.### #...#..# #.#
#.#.## #..#.#.# #.# #####
###....### #..###.# #.# #....


You could see 3 killer bees.

Vanquished Creatures
  The ghost of mishamorgan the Skirmisher, a novice HEWz (D:5)
  Grinder (D:3)
  An orc warrior (D:7)
  A black bear (D:7)
  An ogre (D:4)
  A crocodile (D:7)
  A giant frog (D:6)
  The ghost of sheala the Magician, an amateur DEWz (D:4)
  A scorpion (D:5)
  A killer bee (D:7)
  6 howler monkeys
  A centaur zombie (D:5)
  A giant frog skeleton (D:5)
  A gnoll shaman (D:6)
  An orc priest (D:4)
  3 hounds
  Terence (D:3)
  2 orc wizards
  5 worker ants
  A hound zombie (D:6)
  12 gnolls
  6 adders
  A shadow imp (D:5)
  An ooze (D:4)
  An adder zombie (D:5)
  A worm (D:3)
  3 dart slugs
  5 orcs
  5 giant cockroaches
  6 goblins
  5 hobgoblins
  20 jackals
  7 kobolds
  A quokka (D:5)
  A ball python (D:6)
  10 bats
  4 giant newts
  A quokka skeleton (D:5)
  10 rats
132 creatures vanquished.

Notes
Turn   | Place    | Note
--------------------------------------------------------------
     0 | D:1      | Kloppie the Hill Orc Berserker began the quest for the Orb.
     0 | D:1      | Reached XP level 1. HP: 19/19 MP: 1/1
    15 | D:1      | Reached XP level 2. HP: 12/27 MP: 2/2
   524 | D:1      | Reached XP level 3. HP: 33/33 MP: 3/3
   700 | D:1      | Reached skill level 5 in Axes
   745 | D:1      | Reached ** piety under Trog
  1124 | D:2      | Reached skill level 5 in Fighting
  1124 | D:2      | Reached XP level 4. HP: 25/42 MP: 4/4
  1360 | D:2      | Found a radiant altar of Vehumet.
  1520 | D:3      | Noticed Grinder
  1521 | D:3      | Noticed Terence
  1533 | D:3      | Killed Grinder
  1533 | D:3      | Reached skill level 6 in Axes
  1533 | D:3      | Reached XP level 5. HP: 49/50 MP: 5/5
  1533 | D:3      | Reached XP level 6. HP: 55/57 MP: 6/6
  1535 | D:3      | Killed Terence
  1607 | D:3      | Found a shadowy altar of Dithmenos.
  1691 | D:3      | Found a deep blue altar of Sif Muna.
  1859 | D:3      | Found a shattered altar of Ashenzari.
  2219 | D:4      | Reached *** piety under Trog
  2228 | D:4      | Reached XP level 7. HP: 59/64 MP: 7/7
  2249 | D:4      | Reached skill level 7 in Axes
  2286 | D:4      | Noticed sheala's ghost (amateur DEWz)
  2296 | D:4      | Killed sheala's ghost
  3031 | D:5      | Entered Level 5 of the Dungeon
  3254 | D:5      | Reached skill level 8 in Axes
  3257 | D:5      | Noticed mishamorgan's ghost (novice HEWz)
  3272 | D:5      | Killed mishamorgan's ghost
  3272 | D:5      | Reached XP level 8. HP: 74/74 MP: 8/8
  3288 | D:5      | Reached skill level 9 in Axes
  3410 | D:5      | Found a blossoming altar of Fedhas.
  3742 | D:5      | Found a stormy altar of Qazlal.
  3953 | D:6      | Found a staircase to the Ecumenical Temple.
  4001 | D:6      | Found Ede Covosm's Food Boutique.
  4391 | D:6      | Found a glowing golden altar of the Shining One.
  4675 | D:7      | Reached skill level 10 in Axes
  4679 | D:7      | Reached **** piety under Trog
  4688 | D:7      | Reached XP level 9. HP: 82/82 MP: 9/9
  4702 | D:7      | Reached skill level 5 in Armour
  4716 | D:6      | HP: 2/82 [killer bee (3)]
  4728 | D:6      | HP: 3/82 [killer bee (7)]
  4728 | D:6      | HP: 1/82 [killer bee (2)]
  4729 | D:6      | Succumbed to a killer bee's poison

Skill      XL: |  1  2  3  4  5  6  7  8  9 |
---------------+----------------------------+-----
Fighting       | 4 5 6 8 |  8.5
Axes           | 5 6 8 10 | 10.8
Shields        | 2 3 4 |  4.3
Armour         | 4 5 |  5.2
Dodging        | |  1.5

Action                   |  1- 3 |  4- 6 |  7- 9 || total
-------------------------+-------+-------+-------++-------
Melee: Hand axe          |    96 |   130 |   286 ||   512
Invok: Berserk           |     2 |     3 |     5 ||    10
       Trog's Hand       |       |     1 |     4 ||     5
  Use: Scroll            |       |     3 |    12 ||    15
       Potion            |       |       |     2 ||     2
 Stab: Confused          |       |       |     1 ||     1
  Eat: Chunk             |     3 |     6 |    13 ||    22
       Fruit             |       |       |     2 ||     2
Armor: Animal skin       |    29 |     2 |       ||    31
       Scale mail        |       |    51 |   164 ||   215
       Leather armour    |       |     2 |       ||     2
Dodge: Dodged            |    72 |    77 |   163 ||   312
Block: Buckler           |       |    16 |    81 ||    97
